 Dungeon Crawl Stone Soup version 0.28.0-43-g3370ac3207 (webtiles) character file.

Game seed: 14139676490843745874

354 pkoi the Chopper (level 6, -7/53 HPs)
             Began as a Minotaur Gladiator on Mar 16, 2022.
             Mangled by Maggie
             ... wielding a +0 halberd
              (15 damage)
             ... on level 6 of the Dungeon.
             The game lasted 00:02:27 (3729 turns).

pkoi the Chopper (Minotaur Gladiator)               Turns: 3729, Time: 00:02:27

Health: -7/53      AC:  4    Str: 21    XL:     6   Next: 35%
Magic:  5/5        EV: 13    Int:  5    God:
Gold:   184        SH:  0    Dex: 11    Spells: 5/5 levels left

rFire   . . .      SeeInvis .   a - +0 war axe
rCold   . . .      Faith    .   (no shield)
rNeg    . . .      Spirit   .   b - +0 leather armour
rPois   .          Reflect  .   c - +0 hat
rElec   .          Harm     .   (no cloak)
rCorr   .          Rampage  .   k - +0 pair of gloves
Will    .....                   (no boots)
Stlth   +.........              (no amulet)
HPRegen 0.17/turn               (no ring)
MPRegen 0.09/turn               (no ring)

@: no status effects
A: horns 2, retaliatory headbutt
a: no special abilities


You were on level 6 of the Dungeon.
You visited 1 branch of the dungeon, and saw 5 of its levels.

You collected 184 gold pieces.

Inventory:

Hand Weapons
 a - a +0 war axe (weapon)
 r - a +0 hand crossbow
Missiles
 d - 3 throwing nets (quivered)
 s - 37 bolts
Armour
 b - a +0 leather armour (worn)
 c - a +0 hat (worn)
 k - a +0 pair of gloves (worn)
Jewellery
 g - a ring of magical power
 p - a +4 ring of protection
Scrolls
 e - 3 scrolls of identify {unknown}
 h - a scroll of enchant weapon {unknown}
 q - a scroll of enchant armour {unknown}
 t - a scroll of teleportation {unknown}
 u - a scroll of brand weapon {unknown}
Potions
 f - a potion of cancellation {unknown}
 i - 2 potions of might {unknown}
 j - a potion of degeneration {unknown}
 l - a potion of lignification {unknown}
 m - 2 potions of heal wounds {unknown}
 n - a potion of ambrosia {unknown}
 o - a potion of curing {unknown}


   Skills:
 + Level 4.5 Fighting
 * Level 6.7 Axes
 - Level 2.0 Throwing
 + Level 4.8 Dodging


You had 5 spell levels left.
You didn't know any spells.
Your spell library contained the following spells:

 Spells                   Type           Power      Damage    Failure   Level
 Scorch                   Fire           0%         2d5       67%         2
 Sublimation of Blood     Necr           0%         N/A       67%         2
 Wereblood                Tmut           0%         N/A       67%         2
 Gell's Gravitas          Tloc           0%         N/A       88%         3
 Lesser Beckoning         Tloc           0%         N/A       88%         3
 Teleport Other           Tloc           0%         N/A       88%         3
 Tukima's Dance           Hex            0%         N/A       88%         3
 Flame Wave               Conj/Fire      0%         2d4       99%         4
 Passage of Golubria      Tloc           0%         N/A       99%         4
 Yara's Violent Unravell  Hex/Tmut       0%         3d3       100%        5
 Summon Cactus Giant      Summ           0%         N/A       100%        6
 Summon Hydra             Summ           0%         N/A       100%        7


Dungeon Overview and Level Annotations

Branches:
Dungeon (4/15)
 Temple: D:4-7

Altars:

Annotations:
D:3 2 transporters, pkoi's ghost, weakling DrFE
D:6 Maggie


Innate Abilities, Weirdness & Mutations

You have a pair of horns on your head.
You reflexively headbutt those who attack you in melee.


Message History

You headbutt Maggie, but do no damage. You closely miss Maggie.
You headbutt Maggie!
Maggie is moderately wounded.
Maggie barely misses you.
You hit Maggie but do no damage.
Maggie is moderately wounded.
Maggie hits you with a +0 halberd.
You hit Maggie but do no damage. You headbutt Maggie.
Maggie is moderately wounded.
Maggie hits you with a +0 halberd!
* * * LOW HITPOINT WARNING * * *
You slash Maggie!
Maggie is heavily wounded.
Maggie mumbles some strange words.
Maggie attempts to bespell you! You resist with almost no effort.
Maggie completely misses you.
You hit Maggie but do no damage.
Maggie is heavily wounded.
Maggie closely misses you.
You barely miss Maggie. Your headbutt misses Maggie.
Maggie is heavily wounded.
Maggie closely misses you.
You barely miss Maggie. You headbutt Maggie!
Maggie is severely wounded.
Maggie casts a spell at you. The bolt of fire hits you!!
* * * LOW HITPOINT WARNING * * *
You barely miss Maggie.
Maggie is severely wounded.
Maggie barely misses you.
You slash Maggie!
Maggie is almost dead.
Maggie hits you with a +0 halberd!
* * * LOW HITPOINT WARNING * * *
Unknown command.
You completely miss Maggie.
Maggie is almost dead.
Maggie barely misses you. You furiously retaliate!
You headbutt Maggie! Maggie hits you with a +0 halberd!
You die...

####'###.###..##..#
#...#..#.###.###+###..#
#.........#...#........
#.........'...#........
#...####.######..###.##
#...####.######..###.##
#.....#.....#..........
#.....#.....#..........
#....@@.....#..........
#.....#.....'..........
#.....#.....#..........
#######################


You could see Maggie.

Vanquished Creatures
  2 phantoms (D:4)
  A jelly (D:6)
  An iguana (D:3)
  An orc wizard (D:4)
  A hound skeleton (D:4)
  A gnoll (D:1)
  3 adders (D:2)
  4 worms
  3 dart slugs
  3 orcs (D:4)
  3 ball pythons
  7 bats
  4 endoplasms
  2 giant cockroaches
  5 goblins
  6 hobgoblins
  5 jackals
  5 quokkas
  4 frilled lizards
  4 kobolds
  3 rats
68 creatures vanquished.

Notes
Turn   | Place    | Note
-------+----------+-------------------------------------------
     0 | D:1      | pkoi the Minotaur Gladiator began the quest for the Orb.
     0 | D:1      | Reached XP level 1. HP: 18/18 MP: 0/0
   307 | D:1      | Reached skill level 4 in Axes
   312 | D:1      | Reached XP level 2. HP: 16/25 MP: 1/1
  1269 | D:2      | Found a faded altar of an unknown god.
  1367 | D:2      | Reached XP level 3. HP: 31/31 MP: 2/2
  1937 | D:2      | Reached skill level 5 in Axes
  1937 | D:2      | Reached XP level 4. HP: 37/38 MP: 3/3
  2718 | D:3      | Found a transporter.
  2720 | D:3      | Noticed pkoi's ghost (weakling DrFE)
  2722 | D:3      | Found a transporter.
  2723 | D:3      | Noticed an ogre
  2958 | D:4      | Reached XP level 5. HP: 42/46 MP: 4/4
  3467 | D:4      | Noticed a phantom
  3476 | D:4      | Killed a phantom
  3477 | D:4      | Reached skill level 6 in Axes
  3551 | D:4      | Noticed a phantom
  3558 | D:4      | Killed a phantom
  3559 | D:4      | Reached XP level 6. HP: 36/53 MP: 5/5
  3657 | D:4      | You fall into a shaft and drop 2 floors!
  3717 | D:6      | Noticed Maggie
  3729 | D:6      | Mangled by Maggie

Illustrated notes

Levels and vault maps discovered:
D:1:      evilmike_arrival_hilbert_curve, layout_loops_cross,
          nicolae_figureground_pulse
D:2:      minmay_chambers_of_twos, layout_basic, shapermc_ecumenical_altar_venn
D:3:      layout_loops_ring, gammafunk_ghost_smash
D:4:      layout_cave_pools, kennysheep_generic_room_3
D:6:      layout_gridville, minmay_temple_entry_glass, uniq_maggie

Skill      XL: |  1  2  3  4  5 |
---------------+----------------+-----
Axes           | 4 5 6 |  6.7
Fighting       | 3 4 |  4.5
Dodging        | 4 |  4.8
Throwing       | |  2.0

Action                   |  1- 3 |  4- 6 || total
-------------------------+-------+-------++-------
Melee: War axe           |    53 |    85 ||   138
       Headbutt          |    11 |    10 ||    21
       Punch             |       |     2 ||     2
Armor: Leather armour    |    10 |    20 ||    30
Dodge: Dodged            |    32 |    55 ||    87
